 Dungeon Crawl Stone Soup version 0.24-a0-244-ga6a6ab7 (webtiles) character file.

Game seed: 18068149114656568068

1157 Leeroy the Zephyrmancer (level 8, -1/44 HPs)
             Began as a Tengu Air Elementalist on Apr 11, 2019.
             Was an Initiate of Vehumet.
             Shot with an arrow by a centaur (15 damage)
             ... on level 6 of the Dungeon.
             The game lasted 00:21:09 (4680 turns).

Leeroy the Zephyrmancer (Tengu Air Elementalist)    Turns: 4680, Time: 00:21:10

Health: -1/44      AC:  3    Str: 11    XL:     8   Next: 39%
Magic:  2/21       EV: 19    Int: 15    God:    Vehumet [......]
Gold:   306        SH:  0    Dex: 15    Spells: 4/11 levels left

rFire    . . .     SeeInvis .   e - +2 short sword (venom)
rCold    . . .     Gourm    .   (no shield)
rNeg     . . .     Faith    .   n - +0 leather armour (curse)
rPois    .         Spirit   .   (helmet restricted)
rElec    .         Reflect  .   (no cloak)
rCorr    .         Harm     .   (no gloves)
MR       .....                  (boots unavailable)
Stlth    ++........             (no amulet)
HPRegen  0.14/turn              h - ring of magical power
MPRegen  0.17/turn              r - +4 ring of evasion

@: flying quickly and evasively, quick
A: beak, talons 3, able to fly
a: Stop Flying, Renounce Religion


You were on level 6 of the Dungeon.
You worshipped Vehumet.
Vehumet was noncommittal.
You were near starving.

You visited 2 branches of the dungeon, and saw 8 of its levels.
You also visited: Sewer.

You collected 306 gold pieces.

Inventory:

Hand Weapons
 b - a +0 hunting sling
 e - a +2 short sword of venom (weapon)
 x - a +0 flail
 y - a +0 hunting sling
 D - a +0 club
 G - a +0 hand axe of flaming
 O - a +0 shortbow
Missiles
 f - 207 stones
 g - 80 sling bullets
 w - 5 poisoned tomahawks (quivered)
 C - 34 poisoned needles
 H - 34 arrows
 L - 3 tomahawks
 N - 16 bolts
Armour
 a - a +0 robe
 m - a +0 scale mail
 n - a cursed +0 leather armour (worn)
 s - a cursed +0 ring mail
Jewellery
 h - a ring of magical power (left hand)
 r - a +4 ring of evasion (right hand)
 J - a cursed -6 ring of dexterity {unknown}
Wands
 K - a wand of acid (10)
Scrolls
 d - 5 scrolls of remove curse {unknown}
 i - 2 scrolls of noise {unknown}
 j - a scroll of fear {unknown}
 k - a scroll of magic mapping {unknown}
 t - 5 scrolls of identify
 u - 2 scrolls of immolation {unknown}
 v - a scroll of teleportation {unknown}
 B - a scroll of blinking {unknown}
 E - a scroll of fog {unknown}
 F - 3 scrolls of amnesia {unknown}
 I - 2 scrolls of random uselessness {unknown}
Potions
 l - 2 potions of berserk rage {unknown}
 o - 2 potions of curing
 p - a potion of invisibility {unknown}
 q - 2 potions of haste {unknown}
 z - a potion of lignification {unknown}
 M - 2 potions of flight {unknown}
Comestibles
 c - 5 rations


   Skills:
 - Level 2.0 Fighting
 - Level 4.1 Short Blades
 - Level 3.0 Armour
 + Level 2.8 Dodging
 - Level 2.0 Stealth
 - Level 2.1 Spellcasting
 + Level 4.7 Conjurations
 + Level 9.7 Air Magic


You had 4 spell levels left.
You knew the following spells:

 Your Spells              Type           Power        Failure   Level  Hunger
a - Shock                 Conj/Air       ###.         1%          1    #......
b - Swiftness             Chrm/Air       ###.....     5%          2    ###....
c - Airstrike             Air            ####......   4%          4    #####..

Your spell library contained the following spells:

 Spells                   Type           Power        Failure   Level  Hunger
 Static Discharge         Conj/Air       ###.....     4%          3    ###....
 Lightning Bolt           Conj/Air       ###.......   36%         5    ######.


Dungeon Overview and Level Annotations

Branches:
Dungeon (7/15)             Temple (1/1) D:5

Altars:
Ashenzari
Cheibriados
Dithmenos
Fedhas
Gozag
Hepliaklqana
Kikubaaqudgha
Makhleb
Nemelex Xobeh
Okawaru
Qazlal
Ru
Sif Muna
Trog
Uskayaw
Vehumet
Xom
Yredelemnul
Zin
The Shining One


Innate Abilities, Weirdness & Mutations

You have a beak for a mouth.
You have claws for feet.
You can fly continuously.


Message History

The air twists around and violently strikes the killer bee!
You kill the killer bee!
Vehumet accepts your kill.
You are near starving!
You feel sick.
The centaur shoots an arrow.
The arrow hits you!
Casting: Airstrike (safe; 4% risk of failure)
Confirm with . or Enter, or press ? or * to list all spells.
You don't have enough magic to cast that spell.
Okay, then.
Drop what? 40/52 slots (_ for help) (? for menu, Esc to quit)
Okay, then.
It was a potion of curing.
You feel better.
The centaur shoots an arrow.
The arrow hits you.
The centaur shoots an arrow.
The arrow hits you!
* * * LOW HITPOINT WARNING * * *
The centaur shoots an arrow.
The arrow barely misses you.
You see here an arrow.
You feel better.
The centaur shoots an arrow.
The arrow closely misses you.
The centaur shoots an arrow.
The arrow hits you!
You die...

#.## #......# #.# #.###### ..#
#.# #.# ####.#### #+## #.#
#.......# ...## #.# #.##.##.# #
....## #.### #.##.##.### .....##
#.#.## #.#...#.##.
......###....##########.....#.#..
......'......(..@((†c.........'(.
......##.....##########....##.#.(
.....###.#.....# #.......##.
....## #...###.# ####.######
...## ##### #.# #.# # #'## #.#
#.# #.# #.# #.. #.######### #.#
#.. #.#<......# #.#


You could see a centaur.

Vanquished Creatures
  An ice beast (D:6)
  A phantom (D:5)
  An ogre (D:6)
  A centaur (D:6)
  A big kobold (Sewer)
  A bullfrog (D:5)
  3 scorpions
  A killer bee (D:6)
  A crimson imp (D:5)
  3 orc wizards
  2 orc priests (D:5)
  A hound (D:7)
  An iguana (D:4)
  2 worker ants
  A hound skeleton (D:6)
  9 adders
  2 river rats (Sewer)
  An adder skeleton (D:4)
  3 worms
  2 dart slugs
  8 leopard geckos
  5 orcs
  2 ball pythons (D:5)
  6 giant cockroaches
  7 goblins
  9 hobgoblins
  5 jackals
  9 kobolds
  2 quokkas (D:3)
  4 bats
  5 frilled lizards
  A leopard gecko skeleton (D:6)
  A leopard gecko zombie (D:5)
  9 rats
111 creatures vanquished.

Notes
Turn   | Place    | Note
-------+----------+-------------------------------------------
     0 | D:1      | Leeroy the Tengu Air Elementalist began the quest for the
                  | Orb.
     0 | D:1      | Reached XP level 1. HP: 10/10 MP: 4/4
   211 | D:1      | Reached XP level 2. HP: 15/15 MP: 3/6
   219 | D:1      | Learned a level 2 spell: Swiftness
   754 | D:2      | Reached XP level 3. HP: 9/20 MP: 4/7
   838 | D:2      | Reached skill level 5 in Air Magic
   866 | D:2      | Reached skill level 1 in Short Blades
   977 | D:2      | Reached skill level 1 in Armour
   984 | D:2      | Reached XP level 4. HP: 20/24 MP: 8/8
  1120 | D:2      | Learned a level 4 spell: Airstrike
  1453 | D:2      | Gained mutation: You can fly continuously. [Tengu growth]
  1453 | D:2      | Reached XP level 5. HP: 28/28 MP: 5/9
  2379 | D:4      | Reached skill level 1 in Fighting
  2460 | D:4      | Found a snail-covered altar of Cheibriados.
  2468 | D:4      | Noticed a hippogriff
  2711 | D:4      | Reached XP level 6. HP: 35/35 MP: 2/10
  2759 | D:5      | Entered Level 5 of the Dungeon
  2962 | D:5      | Reached skill level 6 in Air Magic
  2974 | D:5      | Reached XP level 7. HP: 14/39 MP: 11/11
  3167 | D:5      | Found a deep blue altar of Sif Muna.
  3207 | D:5      | Reached skill level 7 in Air Magic
  3289 | D:5      | Found a glowing drain.
  3307 | Sewer    | Entered a sewer
  3439 | Sewer    | Found a white marble altar of Elyvilon.
  3448 | Sewer    | Became a worshipper of Elyvilon the Healer
  3597 | D:5      | Found a staircase to the Ecumenical Temple.
  3627 | Temple   | Entered the Ecumenical Temple
  3714 | Temple   | Fell from the grace of Elyvilon
  3714 | Temple   | Became a worshipper of Vehumet
  4186 | D:6      | Reached skill level 8 in Air Magic
  4219 | D:6      | Reached XP level 8. HP: 40/44 MP: 12/12
  4316 | D:6      | Reached skill level 9 in Air Magic
  4355 | D:6      | Found a sacrificial altar of Ru.
  4385 | D:6      | Found a shattered altar of Ashenzari.
  4642 | D:7      | Found a blossoming altar of Fedhas.
  4680 | D:6      | Shot with an arrow by a centaur

Levels and vault maps discovered:
D:1:      scummos_arrival_forest, layout_loops_ring
D:2:      layout_loops_ring, first_ration, minmay_tromino_v7
D:3:      layout_loops_ring, chequers_avenue, minmay_misc_feat_rows
D:4:      layout_cave_pools, kennysheep_mini, kennysheep_slug_shrine
D:5:      layout_loops_ring, lemuel_blue_sif_altar,
          minmay_temple_entry_statues_pillars, gup_sewer_entry_pipe,
          saegor_snake_ambush
D:6:      layout_loops_corners, lemuel_coloured_pillars_altar, basic_altar,
          uniq_menkaure
D:7:      layout_cave_pools, fedhas_altar_3, elyvilon_altar_3,
          lemuel_round_altar, uniq_pikel, uniq_prince_ribbit1
Temple:   eino_temple_rhombus
Sewer:    sewer_kobolds

Skill      XL: |  1  2  3  4  5  6  7  8 |
---------------+-------------------------+-----
Air Magic      | 5 6 8 9 |  9.7
Short Blades   | 1 2 3 4 |  4.1
Armour         | 1 2 3 |  3.0
Conjurations   | 2 3 4 |  4.7
Fighting       | 1 2 |  2.0
Dodging        | |  2.8
Stealth        | |  2.0
Spellcasting   | |  2.1

Action                   |  1- 3 |  4- 6 |  7- 9 || total
-------------------------+-------+-------+-------++-------
Melee: Short sword       |    33 |    77 |    67 ||   177
       Kick              |     5 |    16 |    16 ||    37
       Peck              |     1 |     3 |    12 ||    16
 Cast: Shock             |    36 |    56 |    21 ||   113
       Swiftness         |     1 |     1 |     2 ||     4
       Airstrike         |       |    10 |    16 ||    26
 Abil: Fly               |       |     1 |       ||     1
  Use: Scroll            |     2 |       |       ||     2
       Potion            |       |       |     5 ||     5
 Stab: Sleeping          |       |     6 |       ||     6
       Confused          |       |       |     1 ||     1
  Eat: Chunk             |     1 |     7 |     7 ||    15
       Ration            |       |     1 |       ||     1
Armor: Leather armour    |     4 |     8 |     6 ||    18
Dodge: Dodged            |    21 |    59 |    82 ||   162

Table legend:
 A = Non-vault XP
 B = Vault XP
 C = Vault XP percentage of total XP
 D = Non-vault monster count
 E = Vault monster count
 F = Vault count percentage of total count
                 A         B        C        D         E       F
            +---------+---------+-------+---------+---------+-------
      Total |    1467 |     186 |  11.3 |      88 |      23 |  20.7
            +---------+---------+-------+---------+---------+-------
        D:1 |      20 |       0 |   0.0 |      14 |       0 |   0.0
        D:2 |     136 |      18 |  11.7 |      30 |       3 |   9.1
        D:3 |      41 |       0 |   0.0 |      15 |       0 |   0.0
        D:4 |     167 |       4 |   2.3 |       6 |       1 |  14.3
        D:5 |     532 |      32 |   5.7 |      12 |       9 |  42.9
        D:6 |     528 |       0 |   0.0 |       9 |       0 |   0.0
        D:7 |      43 |       0 |   0.0 |       2 |       0 |   0.0
      Sewer |       0 |     132 | 100.0 |       0 |      10 | 100.0
            +---------+---------+-------+---------+---------+-------
